Map: Pillars of Gold LE

Players

Kas

  • Race: Terran Terran
  • Spawn Location: 7:00

Lambo - Winner!

  • Race: Zerg Zerg
  • League: Master
  • Spawn Location: 1:00

Event: DreamHack SC2 Masters 2020 Winter

VOD

Have the link to the VOD?

Description

Time

  • Played on: Oct. 21, 2020, 2:55 p.m.
  • Length: 13:32

All games in this series

Show
View Real Time Build Order
Export as new Build Order

Kas Terran 

Build Orders: Liberator Opening, Reaper Expand 

Get SALT Encoding   

  12  0:00  SCV  
  13  0:12  SCV  
  14  0:17  Supply Depot  
  14  0:24  SCV  
  15  0:39  SCV  
  15  0:41  Barracks  
  16  0:44  Refinery  
  16  0:51  SCV  
  17  1:03  SCV  
  18  1:15  SCV  
  19  1:28  Reaper  
  19  1:29  Orbital Command  
  20  1:42  Command Center  
  20  1:54  Supply Depot  
  20  1:55  SCV  
  20  2:01  Marine  
  22  2:07  SCV  
  23  2:12  Factory  
  23  2:17  Refinery  
  23  2:19  SCV  
  24  2:23  Barracks Reactor  
  24  2:33  SCV  
  25  2:45  SCV  
  26  2:55  Orbital Command  
  26  2:57  SCV  
  27  2:59  Starport  
  27  3:05  Hellion x2  
  31  3:10  SCV  
  32  3:13  Marine  
  32  3:19  Supply Depot  
  33  3:22  SCV x2  
  35  3:28  Hellion  
  35  3:34  SCV x2  
  38  3:37  Viking  
  41  3:45  Supply Depot  
  41  3:47  SCV  
  43  3:48  SCV  
  43  3:56  Hellion x2  
  43  4:00  SCV x2  
  49  4:05  Barracks Tech Lab  
  49  4:08  Liberator  
  52  4:12  SCV x2  
  54  4:19  Command Center  
  54  4:24  SCV, Stimpack, Marine  
  55  4:26  SCV  
  57  4:33  Supply Depot  
  57  4:36  SCV  
  58  4:39  Barracks  
  58  4:42  Marine  
  58  4:43  Factory Reactor  
  59  4:45  SCV  
  59  4:46  Barracks  
  59  4:48  SCV  
  61  4:58  SCV  
  56  5:07  SCV  
  56  5:11  Marine  
  56  5:12  SCV, Starport Reactor  
  52  5:15  Engineering Bay  
  52  5:17  Engineering Bay  
  52  5:19  SCV  
  53  5:24  SCV  
  53  5:27  Refinery x2  
  53  5:28  Marine x2  
  56  5:29  Marine  
  56  5:31  SCV, Factory Reactor  
  56  5:32  Factory Tech Lab  
  56  5:33  Orbital Command  
  58  5:40  SCV  
  58  5:41  Marine x2  
  61  5:45  Marine  
  61  5:46  SCV, Terran Infantry Weapons Level 1, Marine x2, Terran Infantry Armor Level 1  
  65  5:51  Barracks  
  65  5:52  SCV, Barracks  
  65  5:57  Orbital Command, Siege Tank  
  69  5:58  SCV  
  69  5:59  Marine x2  
  72  6:04  Marine x2  
  72  6:05  SCV, Combat Shield  
  72  6:06  Marine  
  72  6:10  SCV  
  72  6:11  Supply Depot  
  77  6:16  Marine  
  77  6:17  SCV, Supply Depot, Marine  
  77  6:21  Medivac  
  77  6:22  SCV, Marine x2  
  77  6:23  Medivac  
  77  6:24  Marine  
  85  6:31  Supply Depot  
  85  6:32  SCV x2, Siege Tank  
  90  6:34  SCV  
  90  6:39  Barracks Reactor, Supply Depot  
  91  6:41  Barracks Reactor  
  91  6:42  Marine x2  
  91  6:44  SCV x2  
  91  6:45  Marine x3  
  91  6:46  SCV  
  99  6:54  Supply Depot  
  99  6:55  Supply Depot  
  99  6:56  SCV  
  99  6:59  SCV  
  99  7:00  SCV, Marine x2  
  104  7:02  Marine  
  104  7:03  Armory, Marine x2  
  104  7:07  Factory  
  107  7:10  Siege Tank  
  110  7:23  Marine  
  111  7:36  Marine x8  
  100  7:38  SCV x2  
  100  7:41  Marine  
  100  7:43  Siege Tank  
  106  7:45  Medivac  
  106  7:47  Medivac, Command Center  
  106  7:50  Supply Depot  
  110  7:52  SCV x2  
  110  7:53  Sensor Tower  
  110  7:54  SCV, Refinery, Marine x6  
  110  7:55  Refinery, Factory Tech Lab  
  110  7:57  Marine  
  120  7:59  Marine x2  
  122  8:07  Supply Depot  
  122  8:11  SCV  
  122  8:12  Marine x6  
  128  8:15  Marine  
  128  8:17  Marine  
  128  8:19  Marine  
  131  8:23  Siege Tank  
  131  8:24  Siege Tank  
  131  8:25  Medivac x2  
  141  8:29  Marine  
  141  8:30  Marine  
  143  8:37  Marine x3  
  143  8:38  Supply Depot  
  146  8:42  Terran Infantry Armor Level 2  
  146  8:44  Supply Depot  
  146  8:45  Supply Depot, Marine x2  
  148  8:54  Terran Infantry Weapons Level 2  
  148  9:06  SCV x2  
  148  9:07  SCV, Marine x9  
  148  9:08  Siege Tank x2  
  148  9:09  Medivac x2  
  170  9:13  Barracks  
  170  9:14  Barracks  
  170  9:15  Barracks  
  170  9:25  Marine x9  
  178  9:33  SCV  
  178  9:35  SCV  
  180  9:40  Siege Tank  
  180  9:41  Siege Tank  
  180  9:42  Marine  
  180  9:43  Marine  
  188  9:48  Terran Vehicle Weapons Level 1  
  188  9:50  Medivac x2, Marine x4  
  196  9:54  Planetary Fortress  
  196  10:01  Marine  
  196  10:05  Barracks Tech Lab  
  196  10:07  Barracks Tech Lab  
  196  10:08  Barracks Tech Lab  
  196  10:12  Supply Depot  
  196  10:24  Command Center  
  196  10:28  Marine x5, Siege Tank  
  196  10:33  Marine, Siege Tank  
  200  10:46  Marine  
  187  10:50  Marine  
  187  10:55  Marine  
  173  10:59  Marine  
  173  11:00  Marine x8  
  173  11:04  Marine  
  156  11:08  Marine  
  156  11:13  Marine  
  156  11:17  Marine x9  
  152  11:21  Marine  
  139  11:26  Marine  
  139  11:31  Marine  
  133  11:35  Marine x7  
  133  11:36  Siege Tank x2  
  133  11:37  Marine  
  133  11:38  Marine  
  133  11:39  Marine  
  148  11:41  SCV x2  
  148  11:42  Orbital Command  
  148  11:43  Marine  
  151  11:49  Marine  
  151  11:53  Marine x7  
  159  11:55  Marine x2  
  159  11:57  Marine  
  162  12:01  Marine  
  163  12:13  Orbital Command  
  163  12:14  Supply Depot  
  163  12:15  Supply Depot  
  159  12:16  Supply Depot x2  
  159  12:22  Marine x3  
  140  12:23  Marine x4  
  140  12:28  Marine x5  
  102  12:40  Marine x4  
  103  12:54  Marine x4  
  95  13:00  Marine x2  
  94  13:08  Marine  
  94  13:09  Marine x2  
Show
View Real Time Build Order
Export as new Build Order

Lambo Zerg - Winner!

Build Orders: Hatch First 

Get SALT Encoding   

  12  0:00  Drone  
  13  0:13  Overlord  
  13  0:17  Drone  
  14  0:31  Drone x2  
  16  0:50  Hatchery  
  16  0:52  Drone  
  16  0:56  Drone  
  17  0:59  Drone  
  18  1:10  Extractor  
  17  1:15  Spawning Pool  
  16  1:18  Drone  
  16  1:22  Drone  
  18  1:29  Drone  
  19  1:39  Drone  
  20  1:50  Overlord  
  20  2:01  Queen x2  
  20  2:02  Zergling x4  
  26  2:13  Drone x2  
  28  2:23  Drone x2  
  30  2:30  Spore Crawler  
  30  2:39  Hatchery  
  30  2:40  Drone  
  30  2:43  Metabolic Boost  
  30  2:52  Pneumatized Carapace  
  30  2:55  Drone x2  
  32  3:00  Overlord  
  32  3:05  Drone  
  33  3:10  Drone  
  33  3:12  Drone x2  
  36  3:21  Queen  
  36  3:22  Overlord  
  36  3:24  Drone  
  36  3:25  Drone  
  40  3:27  Drone  
  40  3:29  Drone  
  40  3:32  Drone  
  43  3:39  Drone  
  44  3:41  Drone  
  44  3:44  Queen  
  47  3:48  Overlord  
  47  3:49  Drone x2  
  47  3:50  Drone  
  47  3:53  Overlord  
  50  3:57  Overlord  
  50  4:01  Overlord  
  50  4:03  Drone  
  50  4:06  Queen  
  50  4:09  Overlord  
  53  4:11  Drone  
  53  4:14  Zergling x4  
  56  4:17  Overlord  
  56  4:18  Drone  
  56  4:23  Queen  
  59  4:27  Zergling x2, Baneling Nest  
  59  4:29  Zergling x2  
  60  4:34  Drone  
  60  4:35  Drone x3  
  60  4:36  Drone  
  60  4:38  Zergling x2  
  66  4:42  Drone  
  66  4:43  Drone  
  66  4:45  Drone  
  69  4:50  Drone  
  70  4:54  Overlord  
  64  5:01  Drone x7  
  64  5:06  Drone x2  
  66  5:08  Drone  
  65  5:14  Lair  
  65  5:15  Spore Crawler, Drone  
  65  5:17  Zergling x2  
  65  5:19  Zergling x2  
  67  5:23  Spore Crawler  
  67  5:24  Spore Crawler, Drone x3, Extractor  
  67  5:25  Drone, Extractor  
  67  5:30  Drone x2  
  67  5:31  Evolution Chamber  
  67  5:32  Evolution Chamber  
  67  5:37  Drone  
  67  5:40  Drone x2  
  70  5:45  Drone x5  
  70  5:46  Drone  
  75  5:55  Queen, Drone x2  
  77  5:58  Drone x2  
  77  5:59  Drone  
  77  6:03  Drone x2  
  82  6:12  Zerg Melee Weapons Level 1, Zerg Ground Armor Level 1, Extractor  
  82  6:16  Zergling x14  
  88  6:21  Zergling x4  
  88  6:22  Hatchery  
  89  6:28  Zergling x2  
  89  6:30  Overlord  
  90  6:35  Overlord  
  90  6:39  Overlord  
  90  6:40  Overlord, Baneling  
  90  6:41  Overlord, Baneling x4  
  90  6:43  Hatchery  
  90  6:45  Zergling x2  
  90  6:50  Zergling x16  
  98  6:57  Zergling x4  
  98  6:59  Centrifical Hooks  
  98  7:00  Zergling x6  
  102  7:03  Zergling x2  
  102  7:08  Zergling x2  
  104  7:11  Zergling x2  
  104  7:12  Baneling  
  104  7:13  Queen, Baneling x7  
  107  7:15  Zergling x10  
  107  7:18  Baneling x2  
  107  7:19  Zergling x6  
  115  7:28  Overlord  
  115  7:29  Zergling x10  
  116  7:35  Drone  
  113  7:37  Drone x2  
  113  7:38  Infestation Pit, Queen  
  113  7:41  Drone  
  116  7:46  Drone x3  
  119  7:52  Drone x4  
  119  7:55  Zergling x8  
  127  7:58  Overseer  
  127  8:00  Zergling x6  
  127  8:03  Queen, Drone  
  133  8:10  Drone x5  
  137  8:15  Zergling x6  
  137  8:17  Zergling x4  
  142  8:23  Zergling x12  
  148  8:27  Hive, Zerg Ground Armor Level 2, Zerg Melee Weapons Level 2  
  148  8:28  Zergling x2  
  148  8:29  Zergling x2  
  148  8:30  Overlord  
  150  8:38  Overlord  
  150  8:40  Overlord  
  150  8:41  Overlord  
  150  8:42  Overlord  
  150  8:44  Overlord  
  150  8:47  Overlord, Extractor  
  149  8:49  Overlord  
  149  8:50  Drone x3  
  149  8:51  Drone x4  
  149  8:54  Zergling x4  
  149  8:55  Baneling x5  
  158  8:57  Zergling x14  
  158  9:02  Zergling x10  
  169  9:06  Zergling x8  
  173  9:16  Zergling x10  
  178  9:20  Hatchery, Zergling x4  
  178  9:23  Zergling x10  
  179  9:25  Zergling x14  
  179  9:29  Spore Crawler  
  178  9:33  Baneling  
  178  9:34  Baneling x7  
  178  9:36  Drone x3  
  180  9:39  Zergling x8  
  180  9:45  Zergling x6  
  187  9:46  Baneling x6  
  187  9:48  Zergling x4  
  187  9:51  Zergling x12  
  187  9:52  Baneling x11  
  195  9:54  Baneling x3  
  195  9:57  Zergling x10  
  200  10:03  Adrenal Glands, Ultralisk Cavern  
  200  10:06  Zergling x2  
  199  10:17  Overlord  
  199  10:21  Drone, Spire  
  198  10:22  Extractor  
  198  10:25  Overlord  
  198  10:26  Overlord  
  190  10:30  Zergling x26  
  199  10:36  Baneling x19  
  199  10:41  Zergling x2  
  199  10:45  Zergling x6  
  199  10:47  Zergling x12  
  199  10:48  Zergling x4  
  199  10:51  Zergling x6  
  199  10:54  Zergling x8  
  198  11:00  Zergling x6  
  187  11:05  Zergling x22  
  187  11:10  Baneling x10  
  187  11:12  Zergling x12  
  187  11:15  Zergling x2  
  187  11:16  Zergling x2  
  187  11:17  Zergling x10  
  195  11:24  Zergling x10  
  192  11:30  Zergling x10  
  192  11:31  Chitinous Plating  
  177  11:40  Drone x2  
  177  11:43  Zergling x12  
  177  11:46  Zergling x4  
  187  11:47  Baneling x10  
  187  11:53  Zergling x6  
  186  11:55  Baneling x5  
  186  11:57  Zergling x6, Queen x3  
  186  12:00  Baneling x4  
  186  12:01  Zergling x6  
  196  12:05  Zergling x8  
  198  12:18  Zergling x8  
  198  12:22  Zergling x22  
  181  12:27  Zergling x2  
  133  12:30  Ultralisk x3  
  133  12:32  Zergling x20  
  156  12:37  Baneling x9  
  156  12:38  Zergling x6  
  156  12:41  Baneling x5  
  156  12:42  Zergling x4  
  159  12:45  Zergling x2  
  159  12:51  Zergling x8  
  154  12:52  Zergling x2  
  154  12:54  Zergling x2  
  154  12:57  Zergling x2  
  141  13:02  Drone x7  
  141  13:03  Zergling x10  
  158  13:08  Zergling x4  
  158  13:10  Zergling x4  
  158  13:12  Zergling x4  
Tags
 
Add a new tag
Caveats
  • Supply blocks, unpowered buildings, or Contaminate may cause inaccurate times.
  • Supply counts are checked every 10 seconds.